 Dungeon Sprint DCSS version 0.29.1-12-g30fa7ad0bf (webtiles) character file.

Game seed: 1723772756234033216

119 112233 the Slasher (level 4, -6/38 HPs)
             Began as a Demonspawn Gladiator on Dec 25, 2022.
             Was an Initiate of Jiyva.
             Mangled by a gargoyle
             ... wielding a +0 mace
              (10 damage)
             ... in the Dungeon (Sprint IX: "|||||||||||||||||||||||||||||").
             The game lasted 00:01:32 (292 turns).

112233 the Slasher (Demonspawn Gladiator)            Turns: 292, Time: 00:01:33

Health: -6/38      AC: 11    Str: 20    XL:     4   Next: 73%
Magic:  4/4        EV: 11    Int:  9    God:    Jiyva [......]
Gold:   0          SH:  0    Dex: 14    Spells: 3/3 levels left

rFire   . . .      SeeInvis .   o - +12 glaive of Prune {vorpal}
rCold   . . .      Faith    .   (shield currently unavailable)
rNeg    . . .      Spirit   .   r - +1 chain mail
rPois   .          Reflect  .   (helmet unavailable)
rElec   .          Harm     .   p - +0 cloak
rCorr   .          Rampage  .   (no gloves)
Will    .....      NoTele   +   q - +0 pair of boots
Stlth   ..........              (no amulet)
HPRegen 0.12/turn               s - +3 ring of strength
MPRegen 0.09/turn               t - +2 ring of evasion

@: no status effects
A: horns 3
a: Renounce Religion


You were in the Dungeon.
You worshipped Jiyva.
Jiyva was noncommittal.
You visited 1 branch

Inventory:

Hand Weapons
 a - a +0 long sword
 o - the +12 glaive of Prune (weapon) {vorpal}
   (You found it in the Dungeon)

   It inflicts extra damage upon your enemies.
   It halves damage taken while paralysed, petrified or unconscious.
Missiles
 d - 3 throwing nets (quivered)
 e - a javelin
Armour
 b - a +0 leather armour
 c - a +0 helmet
 p - a +0 cloak (worn)
 q - a +0 pair of boots (worn)
 r - a +1 chain mail (worn)
Jewellery
 s - a +3 ring of strength (left hand)
 t - a +2 ring of evasion (right hand)
Wands
 n - a wand of acid (10)
Scrolls
 k - 2 scrolls of blinking
 m - 2 scrolls of amnesia
Potions
 h - a potion of haste
 i - 4 potions of magic
 j - a potion of invisibility
 l - 4 potions of curing


   Skills:
 + Level 4.7 Fighting
 - Level 5.8 Long Blades
 * Level 2.2 Polearms
 - Level 2.0 Throwing
 + Level 1.4 Armour
 + Level 5.1 Dodging
 - Level 0.3 Stealth


You had 3 spell levels left.
You didn't know any spells.
Your spell library was empty.

Dungeon Overview and Level Annotations

Branches:
Dungeon (1/1)

Altars:
Cheibriados
Dithmenos
Fedhas
Gozag
Hepliaklqana
Kikubaaqudgha
Makhleb
Nemelex Xobeh
Okawaru
Qazlal
Ru
Sif Muna
Trog
Uskayaw
Vehumet
Wu Jian
Xom
Yredelemnul
Jiyva
Lugonu


Innate Abilities, Weirdness & Mutations

You have a pair of large horns on your head.


Message History

The howler monkey hoots and howls with incredible vigour!
The howler monkey barely misses you.
You hear a shout!
You slash the howler monkey!
You kill the howler monkey!
The gargoyle hurls a stone arrow at you.
The stone arrow hits you!!
Ouch! That really hurt!
Your Polearms skill gained 2 levels and is now at level 2!
Your Armour skill increases to level 1!
Your Dodging skill increases to level 5!
You feel much better.
The gargoyle hurls a stone arrow at you.
The stone arrow hits you!
You feel much better.
The howler monkey hoots and howls with incredible vigour!
The gargoyle hurls a stone arrow at you.
The stone arrow hits you!
The orc priest mumbles some strange prayers to Beogh against you.
Beogh smites you!
* * * LOW HITPOINT WARNING * * *
You feel much better.
The gargoyle hurls a stone arrow at you.
The stone arrow misses you.
The howler monkey hoots and howls with incredible vigour!
You hear an angry buzzing noise.
You hear a shout!
Unknown command.
You slash the gargoyle!
The gargoyle is heavily damaged.
The gargoyle hurls a stone arrow at you.
The stone arrow hits you!
Unknown command.
You hit the gargoyle.
The gargoyle is almost destroyed.
The gargoyle hurls a stone arrow at you.
The stone arrow hits you!!
Ouch! That really hurt!
* * * LOW HITPOINT WARNING * * *
The gargoyle hits you with a +0 mace!
You die...

▓.▓
▓.▓
▓h▓
▓o▓
▓c▓
▓c▓
▓9▓
▓@▓
▓.▓
▓.▓
▓.▓
▓.▓
▓.▓
▓)▓
▓.▓
▓.▓


You could see a gargoyle, 2 centaurs, a howler monkey and an orc priest.

Vanquished Creatures
  A howler monkey (D)
  2 hounds (D)
  An adder (D)
  An ufetubus (D)
  An orc (D)
  A ball python (D)
  An endoplasm (D)
  A frilled lizard (D)
  A kobold (D)
  A rat (D)
11 creatures vanquished.

Vanquished Creatures (others)
  3 great orbs of eyes (D)
  A guardian serpent (shapeshifter) (D)
4 creatures vanquished.

Grand Total: 15 creatures vanquished

Notes
Turn   | Place    | Note
-------+----------+-------------------------------------------
     0 | D        | 112233 the Demonspawn Gladiator began the quest for the
                  | Orb.
     0 | D        | Reached XP level 1. HP: 16/16 MP: 1/1
    16 | D        | Noticed a hound
    16 | D        | Noticed a hound
    24 | D        | Discovered your monstrous ancestry.
    24 | D        | Gained mutation: You have a pair of small horns on your
                  | head. [demonic ancestry]
    24 | D        | Reached XP level 2. HP: 22/23 MP: 2/2
    27 | D        | Reached skill level 5 in Long Blades
    27 | D        | Gained mutation: You have a pair of horns on your head.
                  | [demonic ancestry]
    27 | D        | Reached XP level 3. HP: 29/29 MP: 3/3
    42 | D        | Gained mutation: You have a pair of large horns on your
                  | head. [demonic ancestry]
    42 | D        | Reached XP level 4. HP: 21/37 MP: 4/4
   199 | D        | Found a snail-covered altar of Cheibriados.
   199 | D        | Found a shadowy altar of Dithmenos.
   199 | D        | Found a blossoming altar of Fedhas.
   199 | D        | Found an opulent altar of Gozag.
   200 | D        | Found a hazy altar of Hepliaklqana.
   201 | D        | Found a viscous altar of Jiyva.
   202 | D        | Found an ancient bone altar of Kikubaaqudgha.
   203 | D        | Found a corrupted altar of Lugonu.
   204 | D        | Found a burning altar of Makhleb.
   205 | D        | Found a sparkling altar of Nemelex Xobeh.
   206 | D        | Found an iron altar of Okawaru.
   207 | D        | Found a stormy altar of Qazlal.
   208 | D        | Found a sacrificial altar of Ru.
   209 | D        | Found a shimmering blue altar of Sif Muna.
   210 | D        | Found a bloodstained altar of Trog.
   211 | D        | Found a hide-covered altar of Uskayaw.
   212 | D        | Found a radiant altar of Vehumet.
   213 | D        | Found an ornate altar of the Wu Jian Council.
   214 | D        | Found a shimmering altar of Xom.
   215 | D        | Found a basalt altar of Yredelemnul.
   223 | D        | Became a worshipper of Jiyva Jaiven the Shapeless
   226 | D        | Killed a great orb of eyes
   227 | D        | Killed a great orb of eyes
   229 | D        | Killed a guardian serpent
   236 | D        | Killed a great orb of eyes
   240 | D        | Found the +12 glaive of Prune {vorpal}
   284 | D        | Noticed a centaur
   284 | D        | Noticed a centaur
   284 | D        | Noticed a gargoyle
   288 | D        | Reached skill level 1 in Armour
   288 | D        | Reached skill level 5 in Dodging
   292 | D        | Mangled by a gargoyle

Illustrated notes

Levels and vault maps discovered:
D:        linesprint [early_d, line_temple, items_1, d_10, items_2, lair_1,
          lair_end, items_3, orc_1, orc_end, items_4, d_15, swamp_1, shoals_1,
          snake_1, spider_1, d_20, vaults_1, items_5, swamp_end, shoals_end,
          snake_end, spider_end, vaults_end, d_27, items_6, zot_1, zot_end,
          crypt_end, forest_end, elf_end, slime_end, tomb_end, abyss_end,
          pan_hell_end]

Skill      XL: |  1  2  3  4 |
---------------+-------------+-----
Long Blades    | 3 5 |  5.8
Dodging        | 3 4 5 |  5.1
Throwing       | 2 |  2.0
Fighting       | 3 4 |  4.7
Polearms       | 2 |  2.2
Armour         | 1 |  1.4
Stealth        | |  0.3

Action                   |  1- 3 |  4- 6 || total
-------------------------+-------+-------++-------
Melee: Long sword        |    29 |     4 ||    33
       Headbutt          |     2 |     1 ||     3
       Glaive            |       |     5 ||     5
  Use: Potion            |     2 |     3 ||     5
 Stab: Sleeping          |     1 |       ||     1
Armor: Leather armour    |     6 |     2 ||     8
       Chain mail        |       |     1 ||     1
Dodge: Dodged            |    23 |     3 ||    26
